 Dungeon Crawl Stone Soup version 0.31-a0-229-g1fc7ce93e2 (webtiles) character file.

Game seed: 15249674502844606185

3478 qw the Skirmisher (level 10, -1/65 HPs)
             Began as a Gargoyle Hexslinger on July 6, 2023.
             Was a Believer of Okawaru.
             Slain by a water moccasin (7 damage)
             ... on level 8 of the Dungeon.
             The game lasted 00:03:05 (6831 turns).

qw the Skirmisher (Gargoyle Hexslinger)             Turns: 6831, Time: 00:03:06

Health: -1/65      AC: 17    Str: 19    XL:     10   Next: 7%
Magic:  12/13      EV: 14    Int: 13    God:    Okawaru [**....]
Gold:   357        SH:  0    Dex: 16    Spells: 10/11 levels left

rFire   . . .        Y - +2 sling
rCold   . . .        (no shield)
rNeg    + . .        j - +0 ring mail
rPois   inf          k - +0 helmet
rElec   +            (no cloak)
rCorr   .            c - +1 pair of gloves
SInv    .            (no boots)
Will    .....        h - amulet of faith
Stlth   ++           e - +6 ring of strength
HPRegen 0.30/turn    (no ring)
MPRegen 0.13/turn

%: faith
@: heroic
A: sickness immunity, AC +7, negative energy resistance 1, electricity
resistance, torment resistance 1, petrification resistance
a: Renounce Religion, Heroism


You were on level 8 of the Dungeon.
You worshipped Okawaru.
Okawaru was pleased with you.
You visited 1 branch of the dungeon, and saw 8 of its levels.

You collected 357 gold pieces.


Innate Abilities, Weirdness & Mutations

You are immune to sickness and miasma.
Your stone body is resilient. (AC +7)
You are immune to poison.
You resist negative energy. (rN+)
You are resistant to electric shocks. (rElec)
You are resistant to unholy torment.
You are immune to petrification.


   Skills:
 - Level 8.4(13.4) Fighting
 + Level 10.7(15.7) Ranged Weapons
 - Level 3.0(8.0) Armour
 - Level 2.0(7.0) Dodging
 - Level 1.0 Spellcasting
 - Level 2.6 Hexes
 - Level 4.1 Invocations


You had 10 spell levels left.
You knew the following spells:

 Your Spells              Type           Power      Damage    Failure   Level
a - Slow                  Hex            28%        N/A       14%         1

Your spell library contained the following spells:

 Spells                   Type           Power      Damage    Failure   Level
 Inner Flame              Hex/Fire       4%         N/A       58%         3
 Portal Projectile        Hex/Tloc       8%         N/A       58%         3
 Cause Fear               Hex            3%         N/A       82%         4

Inventory:

Hand Weapons
 Y - a +2 sling (weapon)
Armour
 c - a +1 pair of gloves (worn)
 j - a +0 ring mail (worn)
 k - a +0 helmet (worn)
Jewellery
 e - a +6 ring of strength (left hand)
 g - a ring of ice
 h - an amulet of faith (around neck)
Wands
 p - a wand of digging (6)
Scrolls
 o - 2 scrolls of identify
Potions
 a - a potion of magic {unknown}
 d - 6 potions of curing
 f - a potion of berserk rage {unknown}
 l - 3 potions of haste
 m - a potion of enlightenment {unknown}
 n - a potion of attraction {unknown}

Dungeon Overview and Level Annotations

Branches:
Dungeon (8/15)             Temple (0/1) D:7
   Lair: D:8-11

Altars:
Cheibriados
Okawaru
Qazlal
Wu Jian

Annotations:
D:7 2 transporters, qw's ghost, novice DEHu
D:8 Erica


Message History

The sling bullet hits the basilisk!
The basilisk is severely wounded.
The black bear closely misses you.
The black bear claws you but does no damage.
The black bear barely misses you. The water moccasin misses you.
The basilisk closely misses you.
The iguana bites you but does no damage.
You shoot a sling bullet. The sling bullet hits the basilisk.
The basilisk is severely wounded.
A wolf comes into view.
The water moccasin bites you but does no damage.
The black bear closely misses you. The black bear barely misses you.
The black bear claws you but does no damage.
The orc priest calls down the wrath of Beogh upon you.
Beogh smites you! The basilisk misses you. The iguana closely misses you.
The wolf howls!
You shoot a sling bullet. The sling bullet hits the basilisk!
You kill the basilisk!
Okawaru accepts your kill.
The water moccasin bites you but does no damage.
You shoot a sling bullet. The sling bullet hits the wyvern!
The wyvern is moderately wounded.
The water moccasin bites you but does no damage.
The black bear bites you but does no damage.
The black bear claws you but does no damage. x2
The iguana misses you. The wyvern closely misses you.
You shoot a sling bullet.
The sling bullet closely misses the wyvern.
The sling bullet hits the orc priest.
The orc priest is moderately wounded.
The wyvern bites you but does no damage.
The water moccasin closely misses you. The iguana misses you.
The black bear closely misses you. The black bear claws you.
The black bear claws you but does no damage.
You shoot a sling bullet.
Erica shouts!
The sling bullet hits the wyvern.
The wyvern is moderately wounded.
The wyvern closely misses you. The water moccasin bites you!
You die...

.. #. ## #. . #
#. ..# #.##
....# ..#######
##
...P..#hl......
.. ......S@# .#
......l)# ..
...7....# . .
..h...#
..o.....#
........#
.........
@...P.###


You could see Erica, a water moccasin, a black bear, a wyvern, a wolf, an iguana
and an orc priest.

Vanquished Creatures
  Pikel (D:8)
  Grinder (D:6)
  3 wyverns (D:8)
  A basilisk (D:8)
  A steam dragon (D:6)
  2 water moccasins (D:8)
  A black bear (D:4)
  An ice beast (D:6)
  An ogre (D:5)
  A wolf (D:8)
  2 lemures (D:8)
  2 bullfrogs
  4 scorpions
  A gnoll sergeant (D:7)
  6 killer bees (D:6)
  4 electric eels (D:6)
  4 hounds
  3 jellies
  2 orc priests
  A sleepcap (D:6)
  A gnoll bouda (D:7)
  4 orc wizards
  10 gnolls
  14 adders
  A white imp (D:5)
  2 ufetubi
  6 worms
  A dart slug (D:2)
  13 orcs
  3 ball pythons
  9 endoplasms
  3 giant cockroaches
  3 goblins
  6 hobgoblins
  2 jackals (D:2)
  9 kobolds
  3 quokkas
  2 bats (D:3)
  5 frilled lizards
  4 rats (D:1)
143 creatures vanquished.

Notes
Turn   | Place    | Note
-------+----------+-------------------------------------------
     0 | D:1      | qw the Gargoyle Hexslinger began the quest for the Orb.
     0 | D:1      | Reached XP level 1. HP: 12/12 MP: 2/2
     0 | D:1      | 0 ||| qw: Version: 0.3-a-46-gb1f654a
     0 | D:1      | 0 ||| qw: Game counter: 1089
     0 | D:1      | 0 ||| qw: Melee chars always use a shield: true
     0 | D:1      | 0 ||| qw: God list: Okawaru
     0 | D:1      | 0 ||| qw: Allow faded altars: false
     0 | D:1      | 0 ||| qw: Do Orc after clearing Dungeon:15 true
     0 | D:1      | 0 ||| qw: Do second Lair branch before Depths: true
     0 | D:1      | 0 ||| qw: Lair rune preference: random
     0 | D:1      | 0 ||| qw: Goals: Normal
     0 | D:1      | 0 ||| PLANNING D:1-11
     3 | D:1      | Noticed an electric eel
     4 | D:1      | Noticed an electric eel
    17 | D:1      | HP: 3/12 [frozen (2)]
   217 | D:1      | Reached XP level 2. HP: 16/16 MP: 3/3
   366 | D:1      | Reached skill level 3 in Ranged Weapons
   572 | D:1      | Reached XP level 3. HP: 20/20 MP: 4/4
   719 | D:1      | 719 ||| UPGRADING to amulet of faith.
   724 | D:1      | 724 ||| READING scroll labelled WEBREN QOESTEW.
   725 | D:1      | 725 ||| READING scroll labelled VEUMMA HADWOGY.
   728 | D:1      | 728 ||| READING scroll labelled QYQUGHA ORGHEC.
   729 | D:1      | 729 ||| READING scroll labelled SYABRIQ PUPN.
   730 | D:1      | 730 ||| DRINKING 2 red potions.
   731 | D:1      | 731 ||| DROPPING scroll of poison.
   920 | D:2      | Reached XP level 4. HP: 25/26 MP: 5/5
   974 | D:2      | Reached skill level 4 in Ranged Weapons
  1260 | D:2      | Found an iron altar of Okawaru.
  1261 | D:2      | 1261 ||| PLANNING OKAWARU WORSHIP
  1261 | D:2      | 1261 ||| UPGRADING to +0 ring mail.
  1271 | D:2      | 1271 ||| DROPPING +0 robe.
  1272 | D:2      | 1272 ||| UPGRADING to +6 ring of strength.
  1278 | D:2      | Became a worshipper of Warmaster Okawaru
  1279 | D:2      | 1279 ||| PLANNING D:1-11
  1557 | D:2      | 1557 ||| READING scroll labelled KEOXETTOTSY.
  1558 | D:2      | 1558 ||| DRINKING 2 sedimented grey potions.
  1716 | D:3      | Reached skill level 1 in Armour
  1794 | D:3      | Found a faded altar of an unknown god.
  1836 | D:3      | Reached XP level 5. HP: 30/30 MP: 6/6
  2030 | D:3      | Reached skill level 5 in Ranged Weapons
  2478 | D:3      | 2478 ||| UPGRADING to +0 pair of gloves.
  2483 | D:3      | 2483 ||| UPGRADING to +0 helmet.
  2532 | D:4      | 2532 ||| STAIRDANCE
  2535 | D:3      | Reached skill level 3 in Fighting
  2564 | D:4      | Found an ornate altar of the Wu Jian Council.
  2581 | D:4      | Reached XP level 6. HP: 28/37 MP: 7/7
  2683 | D:4      | Reached * piety under Okawaru
  2777 | D:4      | 2777 ||| INVOKING Heroism.
  2867 | D:4      | Noticed a black bear
  2881 | D:4      | Killed a black bear
  2882 | D:4      | Reached skill level 6 in Ranged Weapons
  3254 | D:4      | 3254 ||| READING 2 scrolls labelled POLENIL JOES.
  3255 | D:4      | 3255 ||| READING scroll labelled ECRUOK YROCK.
  3256 | D:4      | 3256 ||| READING scroll labelled ICHIUCZA VEXT.
  3257 | D:4      | 3257 ||| DROPPING scroll of vulnerability.
  3292 | D:5      | Entered Level 5 of the Dungeon
  3354 | D:5      | 3354 ||| INVOKING Heroism.
  3355 | D:5      | 3355 ||| INVOKING Heroism.
  3362 | D:5      | Reached XP level 7. HP: 43/43 MP: 5/8
  3465 | D:5      | Reached skill level 1 in Invocations
  3469 | D:5      | 3469 ||| INVOKING Heroism.
  3656 | D:5      | Reached ** piety under Okawaru
  3728 | D:5      | Found a stormy altar of Qazlal.
  3850 | D:5      | 3850 ||| INVOKING Heroism.
  3856 | D:5      | Reached skill level 3 in Invocations
  3973 | D:5      | 3973 ||| READING scroll labelled MYMO YDETTOUTU.
  3974 | D:5      | 3974 ||| READING scroll labelled PILEZX ILIE.
  3975 | D:5      | 3975 ||| READING scroll labelled ZITEVI IFAT.
  3976 | D:5      | 3976 ||| DRINKING 2 fuming red potions.
  3977 | D:5      | 3977 ||| DRINKING 2 puce potions.
  3978 | D:5      | 3978 ||| DROPPING potion of degeneration.
  4016 | D:6      | 4016 ||| INVOKING Heroism.
  4028 | D:6      | Reached skill level 7 in Ranged Weapons
  4085 | D:6      | Reached XP level 8. HP: 43/48 MP: 10/10
  4160 | D:6      | 4160 ||| INVOKING Heroism.
  4256 | D:6      | 4256 ||| Stepping ~*~*~tactically~*~*~ (outnumbered).
  4262 | D:6      | 4262 ||| INVOKING Heroism.
  4349 | D:6      | Found an iron altar of Okawaru.
  4406 | D:6      | Noticed Grinder
  4411 | D:6      | 4411 ||| INVOKING Heroism.
  4422 | D:6      | Killed Grinder
  4423 | D:6      | Reached skill level 8 in Ranged Weapons
  4741 | D:6      | 4741 ||| INVOKING Heroism.
  4759 | D:6      | HP: 8/48 [killer bee (6)]
  4760 | D:6      | 4760 ||| READING scroll of teleportation.
  4761 | D:6      | 4761 ||| DRINKING 4 potions of heal wounds.
  4996 | D:6      | 4996 ||| INVOKING Heroism.
  5021 | D:6      | 5021 ||| INVOKING Heroism.
  5156 | D:6      | 5156 ||| INVOKING Heroism.
  5157 | D:6      | 5157 ||| Stepping ~*~*~tactically~*~*~ (cloud).
  5176 | D:6      | Reached skill level 9 in Ranged Weapons
  5176 | D:6      | Reached XP level 9. HP: 38/54 MP: 12/12
  5357 | D:6      | 5357 ||| Stepping ~*~*~tactically~*~*~ (water).
  5358 | D:6      | 5358 ||| INVOKING Heroism.
  5482 | D:6      | 5482 ||| READING 2 scrolls of identify.
  5482 | D:6      | 5482 ||| IDENTIFYING bubbling yellow potion
  5483 | D:6      | 5483 ||| DROPPING potion of brilliance.
  5532 | D:7      | 5532 ||| INVOKING Heroism.
  5555 | D:7      | 5555 ||| STAIRDANCE
  5557 | D:6      | 5557 ||| INVOKING Heroism.
  5659 | D:7      | 5659 ||| INVOKING Heroism.
  5727 | D:7      | Found a snail-covered altar of Cheibriados.
  5728 | D:7      | 5728 ||| INVOKING Heroism.
  5772 | D:7      | Reached skill level 6 in Fighting
  5801 | D:7      | Found a transporter.
  5804 | D:7      | Noticed qw's ghost (novice DEHu)
  5839 | D:7      | Found a transporter.
  5851 | D:7      | Found a staircase to the Ecumenical Temple.
  5878 | D:7      | 5878 ||| READING scroll of enchant armour.
  5878 | D:7      | 5878 ||| ENCHANTING +0 pair of gloves.
  6267 | D:7      | 6267 ||| INVOKING Heroism.
  6272 | D:7      | 6272 ||| FLEEEEING.
  6273 | D:7      | 6273 ||| FLEEEEING.
  6274 | D:7      | 6274 ||| FLEEEEING.
  6275 | D:7      | 6275 ||| FLEEEEING.
  6276 | D:7      | 6276 ||| FLEEEEING.
  6277 | D:7      | 6277 ||| FLEEEEING.
  6278 | D:7      | 6278 ||| FLEEEEING.
  6279 | D:7      | 6279 ||| FLEEEEING.
  6280 | D:7      | 6280 ||| FLEEEEING.
  6282 | D:7      | 6282 ||| FLEEEEING.
  6283 | D:7      | 6283 ||| FLEEEEING.
  6284 | D:7      | 6284 ||| FLEEEEING.
  6285 | D:7      | 6285 ||| FLEEEEING.
  6286 | D:7      | 6286 ||| FLEEEEING.
  6287 | D:7      | 6287 ||| FLEEEEING.
  6288 | D:7      | 6288 ||| FLEEEEING.
  6289 | D:7      | 6289 ||| FLEEEEING.
  6290 | D:7      | 6290 ||| FLEEEEING.
  6291 | D:7      | 6291 ||| FLEEEEING.
  6292 | D:7      | 6292 ||| FLEEEEING.
  6293 | D:7      | 6293 ||| FLEEEEING.
  6294 | D:7      | 6294 ||| FLEEEEING.
  6295 | D:7      | 6295 ||| FLEEEEING.
  6296 | D:7      | 6296 ||| FLEEEEING.
  6297 | D:7      | 6297 ||| STAIRDANCE
  6405 | D:6      | 6405 ||| READING 2 scrolls of identify.
  6405 | D:6      | 6405 ||| IDENTIFYING metallic blue potion
  6406 | D:6      | 6406 ||| DROPPING potion of lignification.
  6746 | D:8      | 6746 ||| INVOKING Heroism.
  6750 | D:8      | Noticed Erica
  6751 | D:8      | Reached skill level 10 in Ranged Weapons
  6755 | D:8      | Reached skill level 3 in Armour
  6757 | D:8      | HP: 6/56 [wyvern (10)]
  6758 | D:8      | 6758 ||| READING scroll of teleportation.
  6759 | D:8      | 6759 ||| DRINKING 8 potions of heal wounds.
  6766 | D:8      | Noticed Pikel
  6771 | D:8      | 6771 ||| INVOKING Heroism.
  6773 | D:8      | HP: 10/56 [water moccasin (5)]
  6774 | D:8      | 6774 ||| DRINKING 7 potions of heal wounds.
  6777 | D:8      | 6777 ||| DRINKING 6 potions of heal wounds.
  6779 | D:8      | HP: 14/56 [wyvern (9)]
  6780 | D:8      | 6780 ||| DRINKING 5 potions of heal wounds.
  6788 | D:8      | HP: 10/56 [water moccasin (7)]
  6789 | D:8      | 6789 ||| DRINKING 4 potions of heal wounds.
  6791 | D:8      | 6791 ||| INVOKING Heroism.
  6797 | D:8      | HP: 9/56 [Pikel/+2 whip of electrocution (9)]
  6798 | D:8      | 6798 ||| DRINKING 3 potions of heal wounds.
  6801 | D:8      | Killed Pikel
  6802 | D:8      | HP: 15/60 [black bear (4)]
  6803 | D:8      | 6803 ||| DRINKING 2 potions of heal wounds.
  6814 | D:8      | HP: 15/60 [black bear (1)]
  6815 | D:8      | 6815 ||| DRINKING potion of heal wounds.
  6820 | D:8      | Reached XP level 10. HP: 24/65 MP: 13/13
  6820 | D:8      | 6820 ||| INVOKING Heroism.
  6827 | D:8      | HP: 9/65 [orc priest/divine providence (15)]
  6831 | D:8      | Slain by a water moccasin

Levels and vault maps discovered:
D:1:      arrival_aquarium_b, layout_loops_ring, nrook_loot_triangle
D:2:      layout_basic, basic_altar
D:3:      layout_basic, chequers_ecumenical_altar_simple,
          lexackson_kobold_supper
D:4:      nicolae_cairo_tiling, layout_rooms, nicolae_overflow_crystal_walls,
          serial_glass, glass_columns_b, glass_columns_b, glass_columns_b,
          glass_columns_a, glass_columns_b, glass_columns_c, glass_columns_a,
          glass_columns_a, glass_columns_b, glass_columns_a, glass_columns_b,
          glass_columns_c, hangedman_glass_teeth
D:5:      layout_gridville, lemuel_round_altar, chequers_serial_rivers_room_b
D:6:      layout_cave_pods, okawaru_metal_pillars_3, chequers_big_river,
          uniq_grinder
D:7:      layout_loops_ring, mainiacjoe_overflow_surrounded_room,
          minmay_temple_entry_mini_moons, gammafunk_ghost_stat_death,
          hangedman_decor_diamond_cutter, grunt_decor_clamped
D:8:      layout_loops_ring, overflow_temple_1_default, jmf_multi_god_temple2,
          minmay_lair_entry_grove, nicolae_twisty_statue_hallways, uniq_pikel,
          uniq_psyche, uniq_erica

Skill      XL: |  1  2  3  4  5  6  7  8  9 |
---------------+----------------------------+-----
Ranged Weapons | 3 4 5 6 7 9 10 | 10.7
Fighting       | 2 3 4 5 8 |  8.4
Armour         | 1 2 3 |  3.0
Invocations    | 3 4 |  4.1
Dodging        | 2 |  2.0
Spellcasting   | |  1.0
Hexes          | |  2.6

Action                     |  1- 3 |  4- 6 |  7- 9 | 10-12 || total
---------------------------+-------+-------+-------+-------++-------
   Fire: Sling             |   104 |   222 |   477 |    11 ||   814
 Invoke: Heroism           |       |     2 |    19 |     1 ||    22
    Use: Scroll            |     4 |     4 |     8 |       ||    16
         Potion            |     1 |     1 |    11 |       ||    13
 Armour: Robe              |    13 |     3 |       |       ||    16
         Ring mail         |       |    75 |   325 |    22 ||   422
  Dodge: Dodged            |    32 |    78 |   437 |    34 ||   581

Table legend:
 A = Non-vault XP
 B = Vault XP
 C = Vault XP percentage of total XP
 D = Non-vault monster count
 E = Vault monster count
 F = Vault count percentage of total count
                 A         B        C        D         E       F
            +---------+---------+-------+---------+---------+-------
      Total |    2809 |    2160 |  43.5 |     124 |      17 |  12.1
            +---------+---------+-------+---------+---------+-------
        D:1 |      38 |       0 |   0.0 |      15 |       0 |   0.0
        D:2 |      97 |       0 |   0.0 |      26 |       0 |   0.0
        D:3 |     133 |      10 |   7.0 |      10 |       8 |  44.4
        D:4 |     281 |       0 |   0.0 |      19 |       0 |   0.0
        D:5 |     515 |       0 |   0.0 |      13 |       0 |   0.0
        D:6 |    1160 |     262 |  18.4 |      20 |       1 |   4.8
        D:7 |     455 |       0 |   0.0 |      15 |       0 |   0.0
        D:8 |     130 |    1888 |  93.6 |       6 |       8 |  57.1
            +---------+---------+-------+---------+---------+-------
